 Dungeon Crawl Stone Soup version 0.28-a0-1613-gdaab1c2f9b (webtiles) character file.

Game seed: 8659083040023694374

1522 lonewolfV2 the Spear-Bearer (level 8, -5/62 HPs)
             Began as a Merfolk Gladiator on Jan 21, 2022.
             Slain by an orc warrior (7 damage)
             ... on level 6 of the Dungeon.
             The game lasted 00:14:23 (6346 turns).

lonewolfV2 the Spear-Bearer (Merfolk Gladiator)     Turns: 6346, Time: 00:14:23

Health: -5/62      AC: 15    Str: 16    XL:     8   Next: 84%
Magic:  8/8        EV: 14    Int: 13    God:
Gold:   230        SH:  0    Dex: 28    Spells: 7/7 levels left

rFire   + . .      SeeInvis .   a - +1 trident
rCold   . . .      Faith    .   (no shield)
rNeg    . . .      Spirit   .   h - +3 chain mail {rF+}
rPois   .          Reflect  .   c - +0 helmet
rElec   .          Harm     .   m - +1 cloak
rCorr   .          Rampage  .   (no gloves)
Will    .....                   (no boots)
Stlth   ..........              (no amulet)
HPRegen 0.20/turn               t - +6 ring of dexterity
MPRegen 0.11/turn               q - ring "Dick" {EV+4 Int+5 Dex+7}

@: hasted, invisible, very quick
A: (nimble swimmer 2), mertail
a: no special abilities


You were on level 6 of the Dungeon.
You visited 1 branch of the dungeon, and saw 6 of its levels.
You also visited: Sewer.

You collected 230 gold pieces.

Inventory:

Hand Weapons
 a - a +1 trident (weapon)
Missiles
 d - 3 throwing nets
Armour
 b - a +0 leather armour
 c - a +0 helmet (worn)
 h - a +3 chain mail of fire resistance (worn)
 m - a +1 cloak (worn)
Jewellery
 i - a +4 ring of slaying
 n - a ring of ice
 q - the ring "Dick" (right hand) {EV+4 Int+5 Dex+7}
   (You acquired it on level 5 of the Dungeon)

   [ring of evasion]

   EV:        It affects your evasion (+4).
   Int:       It affects your intelligence (+5).
   Dex:       It affects your dexterity (+7).
 t - a +6 ring of dexterity (left hand)
 w - a ring of wizardry
Wands
 g - a wand of paralysis (9)
 u - a wand of charming (1)
Scrolls
 e - a scroll of noise
 f - a scroll of blinking
 l - 3 scrolls of teleportation
 r - a scroll of identify
 v - a scroll of enchant weapon
Potions
 p - 2 potions of attraction
Miscellaneous
 j - a condenser vane (quivered)


   Skills:
 + Level 5.3 Fighting
 + Level 11.7 Polearms
 + Level 2.0 Throwing
 + Level 3.6 Armour
 + Level 5.3 Dodging
 + Level 1.7 Stealth
 + Level 0.1 Evocations


You had 7 spell levels left.
You didn't know any spells.
Your spell library contained the following spells:

 Spells                   Type           Power      Damage    Failure   Level
 Sandblast                Erth           0%         2d4       99%         1
 Passwall                 Tmut/Erth      0%         N/A       100%        2
 Gell's Gravitas          Tloc           0%         N/A       100%        3
 Lesser Beckoning         Tloc           0%         N/A       100%        3
 Stone Arrow              Conj/Erth      0%         3d7       100%        3
 Teleport Other           Tloc           0%         N/A       100%        3
 Animate Dead             Necr           0%         N/A       100%        4
 Haunt                    Necr/Summ      0%         N/A       100%        7
 Infestation              Necr           0%         N/A       100%        8


Dungeon Overview and Level Annotations

Branches:
Dungeon (6/15)              Sewer (visited)
 Temple: D:4-7

Altars:
Nemelex Xobeh
Wu Jian

Shops:
D:1 ?   D:3 ([[

Annotations:
D:6 1 runed translucent door, 1 transporter, Clumpoid's ghost, novice DsFi; Crazy Yiuf


Innate Abilities, Weirdness & Mutations

((You are very nimble when in or above water. (Stealth+, EV+, Speed+++)))
Your lower body shifts to a powerful aquatic tail in water.


Message History

The orc warrior is moderately wounded.
The orc hits you from afar with a +0 trident.
* * * LOW HITPOINT WARNING * * *
You closely miss the orc warrior.
The orc warrior is moderately wounded.
The orc closely misses you.
You catch the helpless orc warrior completely off-guard!
You hit the orc warrior.
The orc warrior is moderately wounded.
The orc warrior hits you but does no damage.
The orc hits you from afar with a +0 trident.
* * * LOW HITPOINT WARNING * * *
You hear some strange, mumbled words.
Something tries to affect you, but you resist.
You hit something but do no damage. The orc barely misses you.
The orc warrior closely misses you.
You hit something. The orc hits you but does no damage. Something hits you.
* * * LOW HITPOINT WARNING * * *
You barely miss something. The orc misses you.
The orc warrior hits you with a +0 long sword!
* * * LOW HITPOINT WARNING * * *
You hit something.
Reactivating autopickup.
You feel a bit more experienced.
You catch the helpless orc completely off-guard!
You hit the orc.
The orc is heavily wounded.
The orc closely misses you.
You catch the helpless orc completely off-guard!
You hit the orc.
The orc is almost dead.
The orc misses you.
You catch the helpless orc completely off-guard!
You hit the orc.
You kill the orc!
The orc barely misses you. The orc warrior misses you.
Items here: )) [ †.
The orc barely misses you.
The orc warrior hits you with a +0 long sword!
You die...

.... #......#+## ...#
#.........##+##...##
#.........+........#
#.........#........#
+.........#........#
#.........#........#
#.......o.###'###########
#+#......)@o...............
...........................
...........................
...........................
...........................
...........................
.......)...................
###.......###.###.########.
+.......# #.# #.#......#.


You could see an orc warrior and an orc.

Vanquished Creatures
  The ghost of fragbeetle the Ruffian, a novice DrTm (D:5)
  2 black bears
  An ogre (D:5)
  A centaur (D:6)
  A phantom (D:6)
  2 bullfrogs (Sewer)
  A water moccasin zombie (D:5)
  4 quasits (D:5)
  2 hounds (D:5)
  Ijyb (D:5)
  3 iguanas
  3 orc wizards
  A hound skeleton (D:4)
  2 mummies (D:4)
  11 adders
  An ufetubus (D:6)
  A worm (D:4)
  3 dart slugs
  4 orcs
  7 endoplasms
  6 giant cockroaches
  A hobgoblin (D:2)
  4 jackals
  3 kobolds
  9 quokkas
  13 ball pythons
  3 bats
  7 frilled lizards
  8 goblins
  6 hobgoblin zombies (D:4)
  6 rats
118 creatures vanquished.

Notes
Turn   | Place    | Note
-------+----------+-------------------------------------------
     0 | D:1      | lonewolfV2 the Merfolk Gladiator began the quest for the
                  | Orb.
     0 | D:1      | Reached XP level 1. HP: 16/16 MP: 1/1
   270 | D:1      | Found Geanos's Magic Scroll Shoppe.
   303 | D:1      | Reached XP level 2. HP: 22/22 MP: 2/2
   842 | D:2      | Reached skill level 5 in Polearms
  1115 | D:2      | Found a faded altar of an unknown god.
  1155 | D:2      | Reached XP level 3. HP: 27/27 MP: 3/3
  1438 | D:2      | Reached skill level 1 in Stealth
  2000 | D:3      | Reached XP level 4. HP: 34/34 MP: 4/4
  2036 | D:3      | Reached skill level 6 in Polearms
  2234 | D:3      | Found Dymaik's Antique Armour Emporium.
  2309 | D:3      | Found Udets's Antique Armour Emporium.
  2325 | D:3      | Reached skill level 1 in Armour
  2333 | D:3      | Found Ydetoqubbi's Weapon Boutique.
  2745 | D:4      | Reached XP level 5. HP: 38/40 MP: 5/5
  2915 | D:4      | Found a glowing drain.
  2933 | Sewer    | Entered a sewer
  3128 | Sewer    | Reached skill level 7 in Polearms
  3128 | Sewer    | Reached XP level 6. HP: 10/47 MP: 6/6
  3959 | D:4      | Reached skill level 8 in Polearms
  4302 | D:5      | Entered Level 5 of the Dungeon
  4311 | D:5      | Noticed a black bear
  4315 | D:5      | Killed a black bear
  4316 | D:5      | Reached XP level 7. HP: 52/52 MP: 7/7
  4385 | D:5      | Reached skill level 9 in Polearms
  4472 | D:5      | Noticed fragbeetle's ghost (novice DrTm)
  4482 | D:5      | Found a transporter.
  4685 | D:5      | HP: 2/53 [ogre (5)]
  4862 | D:5      | Found a transporter.
  4890 | D:5      | Noticed Ijyb
  4906 | D:5      | Killed Ijyb
  4912 | D:5      | Identified a scroll of acquirement
  4912 | D:5      | Acquired the ring "Dick" {EV+4 Int+5 Dex+7}
  4956 | D:5      | Found an ornate altar of the Wu Jian Council.
  5063 | D:5      | Reached skill level 10 in Polearms
  5203 | D:5      | Reached XP level 8. HP: 59/60 MP: 8/8
  5241 | D:5      | Killed fragbeetle's ghost
  5242 | D:5      | Reached skill level 11 in Polearms
  5242 | D:5      | Reached skill level 5 in Dodging
  5806 | D:6      | Reached skill level 5 in Fighting
  5924 | D:6      | Found a sparkling altar of Nemelex Xobeh.
  5991 | D:6      | Found a runed translucent door.
  5992 | D:6      | Noticed Crazy Yiuf
  6160 | D:6      | Noticed Clumpoid's ghost (novice DsFi)
  6164 | D:6      | Found a transporter.
  6234 | D:6      | Noticed a two-headed ogre
  6340 | D:6      | HP: 1/62 [orc warrior (8)]
  6346 | D:6      | Slain by an orc warrior

Illustrated notes

Levels and vault maps discovered:
D:1:      sevenhm_arrival_forest_fort_large_4, layout_rooms, serial_shops,
          nicolae_shop_stone
D:2:      layout_basic, hellmonk_ecumenical_altar_arch_garden,
          kennysheep_crisscross, wander_ebering_terrifying_dragon_lair
D:3:      layout_basic, serial_shops, shop, shop, shop
D:4:      layout_cave_pools, nicolae_ossuary_entry_giza, serial_column_ruins,
          column_ruins_courtyard_long, column_ruins_grid_1,
          column_ruins_columns_straight, column_ruins_open_tiny,
          column_ruins_grid_4, column_ruins_open_large,
          cheibrodos_sewer_entry_drain, skrybe_limestone_x,
          minmay_misc_feat_tower, minmay_mini_ossuary
D:5:      layout_basic, nzn_wu_jian_contemplation, gammafunk_ghost_stat_death,
          hangedman_abyss_or_decor_lesser_grid, uniq_ijyb
D:6:      layout_gridville, lemuel_doored_altar, gammafunk_ghost_smash,
          uniq_crazy_yiuf_cottage

Skill      XL: |  1  2  3  4  5  6  7  8 |
---------------+-------------------------+-----
Polearms       | 5 6 7 8 10 11 | 11.7
Stealth        | 1 |  1.7
Armour         | 1 2 3 |  3.6
Fighting       | 3 4 5 |  5.3
Dodging        | 5 |  5.3
Throwing       | |  2.0
Evocations     | |  0.1

Action                   |  1- 3 |  4- 6 |  7- 9 || total
-------------------------+-------+-------+-------++-------
Melee: Trident           |    94 |   137 |   157 ||   388
       Punch             |       |     2 |     1 ||     3
       Tailslap          |       |     1 |       ||     1
Evoke: Condenser vane    |       |     1 |       ||     1
  Use: Scroll            |     5 |     7 |     2 ||    14
       Potion            |       |     5 |     7 ||    12
 Stab: Sleeping          |     2 |       |       ||     2
       Distracted        |     1 |       |       ||     1
       Invisible         |       |     1 |     5 ||     6
Armor: Leather armour    |    34 |       |       ||    34
       Chain mail        |    10 |    72 |   170 ||   252
       Skin              |       |    15 |       ||    15
Dodge: Dodged            |    63 |    85 |   184 ||   332

Table legend: (Time is in decaauts)
 A = Elapsed time spent in this place.
 B = Non-inter-level travel time spent in this place.
 C = Inter-level travel time spent in this place.
 D = Time resting spent in this place.
 E = Time spent auto-exploring this place.
 F = Levels seen in this place.
 G = Mean time per level.
                   A        B        C        D        E       F      G
               +--------+--------+--------+--------+--------+-----+--------+
         Total |   6249 |   6144 |    105 |   1203 |   3792 |   7 |  892.7 |
       Dungeon |   5479 |   5374 |    105 |    644 |   3745 |   6 |  913.2 |
         Sewer |    769 |    769 |      0 |    559 |     46 |   1 |  769.0 |
               +--------+--------+--------+--------+--------+-----+--------+

Top non-repeatable levels by time:
     D:5: 1435 daAuts
     D:2: 1130 daAuts
     D:1: 798 daAuts
     D:4: 777 daAuts
     D:3: 771 daAuts
   Sewer: 769 daAuts
     D:6: 565 daAuts
